 Dungeon Crawl Stone Soup version 0.29-a0-994-gc5c9f59d18 (webtiles) character file.

Game seed: 4448802184751491474

97 Sobieck the Cudgeller (level 4, -1/37 HPs)
             Began as a Palentonga Abyssal Knight on Aug 3, 2022.
             Was a Believer of Lugonu.
             Slain by a gnoll
             ... wielding a +0 spear
              (3 damage)
             ... on level 3 of the Dungeon.
             The game lasted 00:03:34 (2539 turns).

Sobieck the Cudgeller (Palentonga Abyssal Knight)   Turns: 2539, Time: 00:03:34

Health: -1/37      AC:  6    Str: 20    XL:     4   Next: 42%
Magic:  14/14      EV:  8    Int: 11    God:    Lugonu [**....]
Gold:   187        SH:  0    Dex: 10    Spells: 3/3 levels left

rFire   . . .      SeeInvis +   a - +1 mace {mace}
rCold   . . .      Faith    +   (no shield)
rNeg    . . .      Spirit   .   i - +0 ring mail
rPois   .          Reflect  .   (no helmet)
rElec   .          Harm     .   (no cloak)
rCorr   .          Rampage  .   o - +0 pair of gloves
Will    .....                   (no barding)
Stlth   ..........              c - amulet of faith {!P}
HPRegen 0.12/turn               m - ring of magical power
MPRegen 0.14/turn               (no ring)

@: no status effects
A: large, rugged brown scales 3, see invisible, deformed body, roll 1, armoured
tail
a: Rolling Charge, Renounce Religion, Depart the Abyss, Bend Space


You were on level 3 of the Dungeon.
You worshipped Lugonu.
Lugonu was pleased with you.
You visited 1 branch of the dungeon, and saw 3 of its levels.
You visited the Abyss 1 time.

You collected 187 gold pieces.


Innate Abilities, Weirdness & Mutations

You are completely covered in rugged brown scales. (AC +3, +7% HP)
You have supernaturally acute eyesight. (SInv)
Armour fits poorly on your strangely shaped body.
You can roll at nearby foes to attack.
You have a long armoured tail.


   Skills:
 - Level 3.0 Fighting
 + Level 4.7 Maces & Flails
 - Level 1.5 Armour
 - Level 0.7 Dodging
 - Level 2.0 Invocations


You had 3 spell levels left.
You didn't know any spells.
Your spell library contained the following spells:

 Spells                   Type           Power      Damage    Failure   Level
 Necrotise                Necr           0%         1d4       52%         1
 Poisonous Vapours        Pois/Air       0%         N/A       65%         2
 Call Canine Familiar     Summ           0%         N/A       87%         3
 Ignite Poison            Fire/Tmut/Pois 0%         N/A       87%         3
 Mephitic Cloud           Conj/Pois/Air  0%         N/A       87%         3
 Portal Projectile        Hex/Tloc       0%         N/A       87%         3
 Vampiric Draining        Necr           0%         2d6       87%         3
 Corpse Rot               Necr/Pois/Air  0%         N/A       99%         4
 Leda's Liquefaction      Hex/Erth       0%         N/A       99%         4
 Agony                    Necr           0%         N/A       100%        5
 Freezing Cloud           Conj/Ice/Air   0%         6-21      100%        5

Inventory:

Hand Weapons
 a - a +1 mace (weapon) {mace}
Missiles
 e - 36 stones {throwing}
 f - 6 poisoned darts {throwing}
 k - 6 boomerangs {throwing}
Armour
 b - a +0 leather armour
 i - a +0 ring mail (worn)
   (You found it on level 1 of the Dungeon)
 l - a +0 robe
   (You found it on level 1 of the Dungeon)
 o - a +0 pair of gloves (worn)
   (You found it on level 2 of the Dungeon)
 p - a +0 leather armour
   (You found it on level 2 of the Dungeon)
 s - a +0 ring mail
   (You found it on level 2 of the Dungeon)
 w - a +0 ring mail
   (You found it on level 2 of the Dungeon)
 y - a +0 robe
   (You found it on level 3 of the Dungeon)
Jewellery
 c - an amulet of faith (around neck) {!P}
   (You found it on level 1 of the Dungeon)
 m - a ring of magical power (left hand)
   (You found it on level 2 of the Dungeon)
Scrolls
 d - a scroll of enchant weapon {unknown}
 h - a scroll of noise {unknown}
 j - 2 scrolls of vulnerability {unknown}
 q - 2 scrolls of teleportation {unknown}
 t - 3 scrolls of identify {unknown}
 u - a scroll of fear {unknown}
 v - a scroll of blinking {unknown}
 A - a scroll of poison {unknown}
Potions
 g - 5 potions of brilliance {unknown}
 n - a potion of might {unknown}
 r - 2 potions of lignification {unknown}
 x - a potion of mutation {unknown}
 z - a potion of heal wounds {unknown}

Dungeon Overview and Level Annotations

Branches:
Dungeon (3/15) Zot: 15568

Altars:

Shops:
D:1

( #..........#
#..........#
#..........#
#..........#
#..........#
#..........# .
#.##...#.### ...
###J##.#.#.######.....
#..gg@.###............
#.###)...#..#######)..
#.##.#..# #.##.)..#
#.#####.# #.# #.# #..
..# ### ###


You could see 2 gnolls and an endoplasm.


Message History

The hound completely misses you.
You hit the hound.
You kill the hound!
Lugonu accepts your kill.
You have reached level 4!
You feel clever.
You start resting.
Found a stone staircase leading up.
Unknown command.
f - 6 poisoned darts {throwing} (gained 2)
You pick up a book of the Hunter and begin reading...
You add the spells Call Canine Familiar, Portal Projectile and Leda's Liquefaction to your library.
Unknown command.
x - a lumpy coppery potion Unknown command.
You now have 174 gold pieces (gained 7).
e - 32 stones {throwing} (gained 3)
Found a stone staircase leading down.
Unknown command.
Found a stone staircase leading up.
Unknown command.
t - 2 scrolls labelled YLU ELUFFI (gained 1)
t - 3 scrolls labelled YLU ELUFFI (gained 1)
You now have 187 gold pieces (gained 13).
y - a +0 robe You open the door.
There is an open door here.
You open the door.
There is an open door here.
z - an orange potion Unknown command.
e - 36 stones {throwing} (gained 4)
You pick up a Trismegistus Codex and begin reading...
You add the spells Ignite Poison, Mephitic Cloud and Freezing Cloud to your library.
Unknown command.
A - a scroll labelled HIEDDE PECK Unknown command.
j - 2 scrolls labelled TOMORE CELI (gained 1)
A kobold comes into view. It is wielding a +0 short sword.
The kobold shouts!
You hear a shout!
Danger!
You roll forward with a clatter of scales!
You closely miss the kobold.
The kobold hits you with a +0 short sword.
You sock the kobold!
You kill the kobold!
Lugonu accepts your kill.
No target in view!
No target in view!
Things that are here:
a +0 short sword {short}; a kobold corpse An adder comes into view.
The adder hisses angrily.
You hear a shout!
A gnoll comes into view. It is wielding a +0 flail.
You hear a shout!
Danger!
There's nothing you can charge at!
You roll forward with a clatter of scales!
You hit the adder. The adder bites you.
You are poisoned.
The adder poisons you!
You hit the adder.
You feel sick. The adder barely misses you. x2
You closely miss the adder.
You feel sick. The adder barely misses you. The gnoll hits you with a +0 flail!
A gnoll comes into view. It is wielding a +0 flail.
You are too injured to fight recklessly!
You are too injured to fight recklessly!
Unknown command.
You sock the adder!
You kill the adder!
Lugonu accepts your kill.
You feel sick. The gnoll hits you with a +0 flail.
* * * LOW HITPOINT WARNING * * *
A gnoll comes into view. It is wielding a +0 spear.
You feel sick.
The gnoll shouts!
The gnoll barely misses you.
You barely miss the gnoll.
You feel sick.
You are no longer poisoned.
The gnoll barely misses you.
An endoplasm comes into view.
The gnoll barely misses you.
The endoplasm quivers.
You hit the gnoll. The gnoll hits you with a +0 flail.
* * * LOW HITPOINT WARNING * * *
The gnoll barely misses you.
The gnoll hits you from afar with a +0 spear.
* * * LOW HITPOINT WARNING * * *
You barely miss the gnoll. The gnoll hits you with a +0 flail.
* * * LOW HITPOINT WARNING * * *
The gnoll hits you with a +0 flail.
* * * LOW HITPOINT WARNING * * *
The gnoll misses you. The gnoll closely misses you. x2
The gnoll completely misses you.
Unknown command.
You thump the gnoll!
You kill the gnoll!
Lugonu accepts your kill.
The gnoll hits you from afar with a +0 spear.
You die...

Skill      XL: |  1  2  3 |
---------------+----------+-----
Maces & Flails | 3 4 |  4.7
Fighting       | |  3.0
Armour         | |  1.5
Dodging        | |  0.7
Invocations    | |  2.0

Action                   |  1- 3 |  4- 6 || total
-------------------------+-------+-------++-------
Melee: Mace              |   103 |    10 ||   113
       Tailslap          |     6 |       ||     6
       Punch             |     1 |       ||     1
Invok: Depart the Abyss  |     1 |       ||     1
 Abil: Rolling Charge    |    18 |     2 ||    20
Armor: Leather armour    |    14 |       ||    14
       Ring mail         |    35 |       ||    35
Dodge: Dodged            |    47 |    11 ||    58

Levels and vault maps discovered:
D:1:      amcnicky_arrival_blooded_trapdoor, layout_rooms,
          shapermc_ecumenical_altar_mp_highgroup, serial_shops, shop,
          minmay_pentomino_w2
D:2:      layout_basic
D:3:      layout_basic, minmay_goblin_kobold_house, uniq_crazy_yiuf_cottage

Notes
Turn   | Place    | Note
-------+----------+-------------------------------------------
     0 | Abyss:1  | Sobieck the Palentonga Abyssal Knight began the quest for
                  | the Orb.
     0 | Abyss:1  | Reached XP level 1. HP: 19/19 MP: 2/2
   107 | Abyss:1  | Noticed a chaos spawn
   130 | Abyss:1  | Noticed a wraith
   133 | D:1      | You pass through the gate.
   133 | D:1      | Escaped the Abyss
   416 | D:1      | Reached XP level 2. HP: 25/25 MP: 3/3
   435 | D:1      | You pick up a book of Vapours and begin reading...
   435 | D:1      | You add the spells Poisonous Vapours and Corpse Rot to your
                  | library.
   477 | D:1      | Reached skill level 3 in Maces & Flails
   524 | D:1      | Reached ** piety under Lugonu
   775 | D:1      | Found Agreub's Weapon Shoppe.
  1006 | D:1      | Reached XP level 3. HP: 24/31 MP: 4/4
  1019 | D:1      | Found a faded altar of an unknown god.
  1025 | D:1      | You pick up a book of Necromancy and begin reading...
  1025 | D:1      | You add the spells Necrotise, Vampiric Draining and Agony
                  | to your library.
  1697 | D:2      | Reached skill level 4 in Maces & Flails
  2269 | D:3      | Reached XP level 4. HP: 21/37 MP: 5/5
  2402 | D:3      | You pick up a book of the Hunter and begin reading...
  2402 | D:3      | You add the spells Call Canine Familiar, Portal Projectile
                  | and Leda's Liquefaction to your library.
  2503 | D:3      | You add the spells Ignite Poison, Mephitic Cloud and
                  | Freezing Cloud to your library.
  2538 | D:3      | HP: 8/37 [gnoll/+0 flail (2)]
  2538 | D:3      | HP: 2/37 [gnoll/+0 flail (6)]
  2539 | D:3      | Slain by a gnoll

Vanquished Creatures
  A hound (D:3)
  A gnoll (D:3)
  2 adders
  A dart slug (D:1)
  A bat (D:2)
  5 endoplasms
  8 goblins (D:1)
  4 hobgoblins (D:1)
  6 jackals
  A quokka (D:1)
  4 ball pythons
  A frilled lizard (D:2)
  4 kobolds
  2 rats
41 creatures vanquished.

Table legend:
 A = Non-vault XP
 B = Vault XP
 C = Vault XP percentage of total XP
 D = Non-vault monster count
 E = Vault monster count
 F = Vault count percentage of total count
                 A         B        C        D         E       F
            +---------+---------+-------+---------+---------+-------
      Total |     149 |       4 |   2.6 |      39 |       2 |   4.9
            +---------+---------+-------+---------+---------+-------
        D:1 |      46 |       4 |   8.0 |      25 |       2 |   7.4
        D:2 |      25 |       0 |   0.0 |       8 |       0 |   0.0
        D:3 |      78 |       0 |   0.0 |       6 |       0 |   0.0
            +---------+---------+-------+---------+---------+-------

Illustrated notes

Table legend:
 A = Kills in this place as a percentage of kills in entire the game.
 B = Kills by you in this place as a percentage of kills by you in the entire game.
 C = Kills by friends in this place as a percentage of kills by friends in the entire game.
 D = Other kills in this place as a percentage of other kills in the entire game.
 E = Experience gained in this place as a percentage of experience gained in the entire game.
 F = Experience gained in this place divided by the number of levels of this place that you have seen.
                   A       B       C       D       E      F
               +-------+-------+-------+-------+-------+----------------------
         Total | 100.0 | 100.0 |   N/A |   N/A | 100.0 |  38.2
       Dungeon | 100.0 | 100.0 |   N/A |   N/A | 100.0 |  51.0
               +-------+-------+-------+-------+-------+----------------------

Table legend: (Time is in decaauts)
 A = Elapsed time spent in this place.
 B = Non-inter-level travel time spent in this place.
 C = Inter-level travel time spent in this place.
 D = Time resting spent in this place.
 E = Time spent auto-exploring this place.
 F = Levels seen in this place.
 G = Mean time per level.
                   A        B        C        D        E       F      G
               +--------+--------+--------+--------+--------+-----+--------+
         Total |   2563 |   2500 |     63 |    636 |   1554 |   4 |  640.8 |
       Dungeon |   2430 |   2367 |     63 |    636 |   1449 |   3 |  810.0 |
         Abyss |    133 |    133 |      0 |      0 |    105 |   1 |  133.0 |
               +--------+--------+--------+--------+--------+-----+--------+

Top non-repeatable levels by time:
     D:1: 1249 daAuts
     D:2: 880 daAuts
     D:3: 300 daAuts
 Abyss:1: 133 daAuts
